 Dungeon Crawl Stone Soup version 0.29-a0-284-gf9362112df (webtiles) character file.

Game seed: 4530444219738609728

396 oldmanjim the Bolt Thrower (level 6, -16/37 HPs)
             Began as a Gargoyle Hunter on Mar 31, 2022.
             Killed from afar by a steam dragon (17 damage)
             ... with a ball of steam
             ... on level 4 of the Dungeon.
             The game lasted 00:24:28 (3427 turns).

oldmanjim the Bolt Thrower (Gargoyle Hunter)        Turns: 3427, Time: 00:24:29

Health: -16/37     AC: 18    Str: 23    XL:     6   Next: 82%
Magic:  6/6        EV:  6    Int:  9    God:
Gold:   12         SH:  9    Dex: 13    Spells: 5/5 levels left

rFire   . . .      SeeInvis .   b - +1 dagger (venom)
rCold   . . .      Faith    .   j - +0 kite shield
rNeg    + . .      Spirit   .   p - +0 chain mail
rPois   ∞          Reflect  .   m - +1 helmet
rElec   +          Harm     .   (no cloak)
rCorr   .          Rampage  .   (no gloves)
Will    .....                   (no boots)
Stlth   ..........              (no amulet)
HPRegen 0.12/turn               h - +6 ring of strength
MPRegen 0.10/turn               r - +4 ring of protection

@: no status effects
A: sickness immunity, AC +4, negative energy resistance 1, electricity
resistance, torment resistance 1, petrification resistance
a: no special abilities


You were on level 4 of the Dungeon.
You visited 1 branch of the dungeon, and saw 4 of its levels.

You collected 150 gold pieces.
You spent 138 gold pieces at shops.

Inventory:

Hand Weapons
 a - a +1 hand crossbow
 b - a +1 dagger of venom (weapon)
 A - a +3 long sword of holy wrath
Missiles
 d - 4 poisoned darts
 q - 3 boomerangs
 v - 102 stones
 w - 3 atropa-tipped darts
Armour
 j - a +0 kite shield (worn)
 m - a +1 helmet (worn)
 p - a +0 chain mail (worn)
Jewellery
 h - a +6 ring of strength (left hand)
 r - a +4 ring of protection (right hand)
 t - a ring of wizardry
Wands
 x - a wand of mindburst (16)
 y - a wand of polymorph (3)
Scrolls
 c - 3 scrolls of immolation
 e - a scroll of enchant armour
 f - a scroll of teleportation {unknown}
 i - 3 scrolls of holy word {unknown}
 k - a scroll of blinking
 s - 2 scrolls of identify
Potions
 g - 2 potions of might
 l - 2 potions of haste
 n - a potion of berserk rage
 o - a potion of heal wounds
 u - a potion of degeneration {unknown}
 z - a potion of invisibility


   Skills:
 - Level 3.0 Fighting
 - Level 0.1 Short Blades
 + Level 6.2 Crossbows
 - Level 0.2 Armour
 - Level 1.7 Dodging
 - Level 2.0 Stealth
 + Level 4.1 Shields


You had 5 spell levels left.
You didn't know any spells.
Your spell library contained the following spells:

 Spells                   Type           Power      Damage    Failure   Level
 Corpse Rot               Necr/Air       0%         N/A       100%        2
 Poisonous Vapours        Pois/Air       0%         N/A       100%        2
 Scorch                   Fire           0%         2d5       100%        2
 Static Discharge         Conj/Air       0%         N/A       100%        2
 Mephitic Cloud           Conj/Pois/Air  0%         N/A       100%        3
 Vampiric Draining        Necr           0%         2d6       100%        3
 Dispel Undead            Necr           0%         3d6       100%        4
 Flame Wave               Conj/Fire      0%         2d4       100%        4
 Sticky Flame             Conj/Fire      0%         2d3       100%        4
 Summon Lightning Spire   Summ/Air       0%         N/A       100%        4
 Alistair's Intoxication  Tmut/Pois      0%         N/A       100%        5
 Borgnjor's Vile Clutch   Necr/Erth      0%         N/A       100%        5
 Conjure Ball Lightning   Conj/Air       0%         3x3d6     100%        6
 Eringya's Noxious Bog    Tmut/Pois      0%         N/A       100%        6
 Summon Cactus Giant      Summ           0%         N/A       100%        6
 Haunt                    Necr/Summ      0%         N/A       100%        7
 Storm Form               Tmut/Air       0%         N/A       100%        7
 Discord                  Hex            0%         N/A       100%        8
 Disjunction              Tloc           0%         N/A       100%        8
 Maxwell's Capacitive Co  Air            0%         ∞         100%        8


Dungeon Overview and Level Annotations

Branches:
Dungeon (4/15)
 Temple: D:4-7

Altars:
Ashenzari
Dithmenos
Trog

Shops:
D:1 *   D:4 (!=:

Annotations:
D:3 1 runed translucent door, exclusion: door, Crazy Yiuf


Innate Abilities, Weirdness & Mutations

You are immune to sickness and miasma.
Your stone body is resilient. (AC +4)
You are immune to poison.
You resist negative energy. (rN+)
You are resistant to electric shocks. (rElec)
You are resistant to unholy torment.
You are immune to petrification.


Message History

You see here a scorpion corpse.
You see here a +3 long sword of holy wrath.
A - a +3 long sword of holy wrath A kobold comes into view.
It is wielding a +0 club.
The kobold shouts!
You shoot a bolt. The bolt completely misses the kobold.
You shoot a bolt. The bolt hits the kobold.
You kill the kobold!
Things that are here:
a +0 club; a kobold corpse A hobgoblin comes into view.
The hobgoblin shouts!
You hear a shout!
You shoot a bolt. The bolt hits the hobgoblin!
You kill the hobgoblin!
No target in view!
A steam dragon comes into view.
The steam dragon hisses angrily.
You shoot a bolt.
The bolt barely misses the steam dragon.
You shoot a bolt.
The bolt barely misses the steam dragon.
Things that are here:
a +0 club; a kobold corpse Your +1 dagger of venom begins to drip with poison!
b - a +1 dagger of venom (weapon)
The steam dragon breathes steam at you. The ball of steam hits you!
You block the steam dragon's attack. The steam dragon barely misses you.
You hit the steam dragon.
The steam dragon is poisoned.
The steam dragon is lightly wounded.
The steam dragon breathes steam at you. The ball of steam hits you!!
Ouch! That really hurt!
* * * LOW HITPOINT WARNING * * *
Press: ? - help, v - describe, . - travel The floor.
Unknown command.
The steam dragon breathes steam at you. The ball of steam hits you!
You die...

#######+####.#.......#.#
...........#.#.....#.#.#
######
...........#.#######.#.#
.....# ..†.D......#.#
#####.#.# ####.#
#+########.#.# #.......#
...#.# ###..#.#
#.###...# ##.#.#
#....#.# #⌠.⌠#...#
...#.# ##....#.#
#.∩.....# ...#.#
#.@...#.# #⌠.⌠...>.
...#.# #§D..##^#
#..#####. ...#.#
#.§..##.# #.## . ...#.#
#)§####.# #.# . ####.#
#.## #.# #.# ...#.#
#.#####.# #.# .#.#.#
#.......###.######.
.#.#.#
#######.#..........
.#.#.# #.#.#.#######


You could see a steam dragon (very poisoned, catching breath).

Vanquished Creatures
  A scorpion (D:4)
  2 hounds (D:4)
  An orc priest (D:3)
  2 jellies (D:4)
  An iguana (D:4)
  5 adders
  An ufetubus (D:4)
  A dart slug (D:4)
  16 orcs
  5 endoplasms
  4 giant cockroaches
  8 goblins
  14 hobgoblins
  2 jackals (D:3)
  6 quokkas
  7 ball pythons
  7 bats
  A frilled lizard (D:2)
  4 kobolds
  9 rats
97 creatures vanquished.

Notes
Turn   | Place    | Note
-------+----------+-------------------------------------------
     0 | D:1      | oldmanjim the Gargoyle Hunter began the quest for the Orb.
     0 | D:1      | Reached XP level 1. HP: 12/12 MP: 1/1
    57 | D:1      | Reached XP level 2. HP: 18/18 MP: 2/2
   444 | D:1      | Found Motiz's Assorted Antiques.
   450 | D:1      | Bought a scroll labelled JEDGHEO DYTAAHO for 26 gold pieces
   585 | D:2      | Reached XP level 3. HP: 20/22 MP: 3/3
   975 | D:2      | Reached XP level 4. HP: 27/27 MP: 4/4
  1429 | D:3      | Reached skill level 1 in Shields
  1534 | D:3      | Found a faded altar of an unknown god.
  1569 | D:3      | Reached skill level 5 in Crossbows
  1579 | D:3      | Got the Guide on Sinister Poison
  1608 | D:3      | Found a broken altar of Ashenzari.
  1622 | D:3      | Reached XP level 5. HP: 10/32 MP: 5/5
  1896 | D:3      | Found a shadowy altar of Dithmenos.
  2344 | D:3      | Found a bloodstained altar of Trog.
  2572 | D:3      | Found a runed translucent door.
  2573 | D:3      | Noticed Crazy Yiuf
  2917 | D:4      | Reached XP level 6. HP: 37/37 MP: 6/6
  2943 | D:4      | Found Gupnukoz's Weapon Emporium.
  3217 | D:4      | Found Ucseh's Book Shoppe.
  3286 | D:4      | Found Effufitt's Distillery.
  3295 | D:4      | Bought a potion of invisibility for 112 gold pieces
  3334 | D:4      | Found Duro's Jewellery Boutique.
  3363 | D:4      | Reached skill level 6 in Crossbows
  3410 | D:4      | Noticed a steam dragon
  3426 | D:4      | HP: 1/37 [steam dragon/ball of steam (22)]
  3427 | D:4      | Killed from afar by a steam dragon

Illustrated notes

Levels and vault maps discovered:
D:1:      grunt_arrival_lava_bath, layout_basic, serial_shops,
          nicolae_shop_trees
D:2:      layout_basic
D:3:      layout_loops_corners, mainiacjoe_overflow_paths,
          grunt_dithmenos_smoke_and_mirrors, trog_hazing_becter,
          hellmonk_ecumenical_altar_lost_god, uniq_crazy_yiuf_cottage
D:4:      minmay_opposing_rooms, layout_basic, serial_shops, shop_fountains,
          shop, shop_fountains, kennysheep_mini

Skill      XL: |  1  2  3  4  5  6 |
---------------+-------------------+-----
Stealth        | 2 |  2.0
Fighting       | 3 |  3.0
Shields        | 2 3 4 |  4.1
Crossbows      | 5 6 |  6.2
Short Blades   | |  0.1
Armour         | |  0.2
Dodging        | |  1.7

Action                   |  1- 3 |  4- 6 || total
-------------------------+-------+-------++-------
Melee: Dagger            |    16 |    38 ||    54
 Fire: Hand crossbow     |    89 |   180 ||   269
  Use: Scroll            |       |     6 ||     6
Armor: Leather armour    |    22 |       ||    22
       Chain mail        |       |    79 ||    79
Dodge: Dodged            |    18 |    39 ||    57
Block: Kite shield       |     1 |    59 ||    60

Table legend: (Time is in decaauts)
 A = Elapsed time spent in this place.
 B = Non-inter-level travel time spent in this place.
 C = Inter-level travel time spent in this place.
 D = Time resting spent in this place.
 E = Time spent auto-exploring this place.
 F = Levels seen in this place.
 G = Mean time per level.
                   A        B        C        D        E       F      G
               +--------+--------+--------+--------+--------+-----+--------+
         Total |   3579 |   3534 |     45 |    216 |   2544 |   4 |  894.8 |
       Dungeon |   3579 |   3534 |     45 |    216 |   2544 |   4 |  894.8 |
               +--------+--------+--------+--------+--------+-----+--------+

Top non-repeatable levels by time:
     D:3: 1403 daAuts
     D:4: 849 daAuts
     D:2: 740 daAuts
     D:1: 586 daAuts
